 Dungeon Crawl Stone Soup version 0.20.1-1-g8b1a95d (webtiles) character file.

18251 tchalla the Covert (level 12, 0/171 HPs)
             Began as a Hill Orc Fighter on Nov 5, 2017.
             Slain by Nessos (6 damage)
             ... on level 12 of the Dungeon.
             The game lasted 00:21:36 (11714 turns).

tchalla the Covert (Hill Orc Fighter)              Turns: 11714, Time: 00:21:37

Health: 0/171      AC: 20    Str: 36    XL:     12   Next: 56%
Magic:  12/12      EV: 15    Int: 11    God:
Gold:   530        SH:  5    Dex: 14    Spells: 11/11 levels left

rFire    + . .     SeeInvis .   y - +6 dagger "Earthworm" {venom, rPois rF+ Stlth+}
rCold    . . .     Gourm    .   C - +0 buckler
rNeg     . . .     Faith    .   E - +3 leather armour "Xykias" {*Slow rCorr Str+9 Dex+2}
rPois    +         Spirit   .   g - +0 helmet
rElec    +         Reflect  .   F - +1 cloak
rCorr    +         Harm     .   p - +2 pair of gloves
MR       .....                  b - +2 pair of boots
Stlth    ..........             (no amulet)
Regen    0.4/turn               u - ring of stealth
MPRegen  0.2/turn               e - +3 ring of intelligence

@: berserking (expiring), lethally poisoned (0 -> -1), very quick
A: iridescent scales 1, thin metallic scales 1, robust 1, electricity resistance
a: no special abilities


You were on level 12 of the Dungeon.
You were not hungry.

You visited 1 branch of the dungeon, and saw 13 of its levels.
You also visited: Labyrinth.

You collected 530 gold pieces.

Inventory:

Hand Weapons
 a - a +1 war axe
 y - the +6 dagger "Earthworm" (weapon) {venom, rPois rF+ Stlth+}
   (You found it on level 4 of the Dungeon)

   It poisons the flesh of those it strikes.
   It protects you from fire.
   It protects you from poison.
   It makes you more stealthy.
 T - a +0 quick blade
Armour
 b - a +2 pair of boots (worn)
 g - a +0 helmet (worn)
 p - a +2 pair of gloves (worn)
 z - the +0 ring mail of Fun {rElec Str+2 Dex+2 SInv}
   (You found it on level 4 of the Dungeon)

   It affects your strength (+2).
   It affects your dexterity (+2).
   It insulates you from electricity.
   It lets you see invisible.
 C - a +0 buckler (worn)
 E - the +3 leather armour "Xykias" (worn) {*Slow rCorr Str+9 Dex+2}
   (You found it on level 4 of the Dungeon)

   It affects your strength (+9).
   It affects your dexterity (+2).
   It protects you from acid and corrosion.
   It may slow you when you take damage.
 F - a +1 cloak (worn)
Jewellery
 e - a +3 ring of intelligence (right hand)
 q - an uncursed ring of ice
 s - an uncursed ring of flight
 u - a ring of stealth (left hand)
 B - an uncursed ring of see invisible
 Q - an uncursed ring of protection from cold
Wands
 t - a wand of clouds (0/9)
Scrolls
 c - a scroll of immolation
 k - 9 scrolls of teleportation
 n - a scroll of recharging
 v - a scroll of magic mapping
 A - a scroll of identify
 H - 3 scrolls of remove curse
 L - a scroll of blinking
Potions
 d - a potion of brilliance
 j - a potion of berserk rage
 m - 2 potions of magic
 D - a potion of flight
 K - 2 potions of degeneration
 M - 3 potions of curing
Books
 r - a book of Cantrips

   Spells                             Type                      Level
   a - Confusing Touch                Hexes                        1
   b - Animate Skeleton               Necromancy                   1
   c - Summon Small Mammal            Summoning                    1
   d - Apportation                    Translocation                1
 w - a book of Changes

   Spells                             Type                      Level
   a - Beastly Appendage              Transmutation                1
   b - Sticks to Snakes               Transmutation                2
   c - Spider Form                    Transmutation/Poison         3
   d - Ice Form                       Ice/Transmutation            4
   e - Blade Hands                    Transmutation                5
 I - a book of Annihilations

   Spells                             Type                      Level
   a - Poison Arrow                   Conjuration/Poison           6
   b - Chain Lightning                Conjuration/Air              8
   c - Lehudib's Crystal Spear        Conjuration/Earth            8
   d - Glaciate                       Conjuration/Ice              9
   e - Fire Storm                     Conjuration/Fire             9
 R - a book of Alchemy

   Spells                             Type                      Level
   a - Sublimation of Blood           Necromancy                   2
   b - Ignite Poison                  Fire/Transmutation/Poison    3
   c - Petrify                        Transmutation/Earth          4
   d - Alistair's Intoxication        Transmutation/Poison         5
   e - Irradiate                      Conjuration/Transmutation    5
Miscellaneous
 U - a lamp of fire
Comestibles
 f - 8 bread rations
 h - 10 royal jellies
 i - 6 meat rations
 N - 23 fruits


   Skills:
 + Level 9.3 Fighting
 - Level 10.2 Short Blades
 - Level 10.6 Axes
 - Level 3.2 Armour
 + Level 5.6 Dodging
 + Level 11.2 Stealth
 - Level 3.2 Shields


You had 11 spell levels left.
You didn't know any spells.

Dungeon Overview and Level Annotations

Branches:
Dungeon (13/15)               Orc (0/2) D:10
 Temple: D:4-7         Lair: D:8-11      Vaults: D:13-14

Altars:
Ashenzari
Fedhas
Makhleb
Yredelemnul

Annotations:
D:12 Nessos


Innate Abilities, Weirdness & Mutations

You are partially covered in iridescent scales. (AC +2)
You are partially covered in thin metallic scales. (AC +2)
You are robust. (+10% HP)
You are resistant to electric shocks. (rElec)


Message History

The arrow hits you!
* * * LOW HITPOINT WARNING * * *
The arrow burns you.
You are poisoned.
* * * LOW HITPOINT WARNING * * *
You see here 2 arrows.
You feel sick.
Nessos shoots an arrow.
The arrow hits you!!
* * * LOW HITPOINT WARNING * * *
The arrow burns you.
* * * LOW HITPOINT WARNING * * *
You see here an arrow.
You feel your anger subside.
You feel sick.
Nessos unwields an uncursed longbow of flaming.
It stops flaming.
Nessos hits you.
* * * LOW HITPOINT WARNING * * *
You puncture Nessos!
Nessos looks as sick as possible!
Nessos is moderately wounded.
Nessos hits you.
You die...

..#....##....#...(...#
..#.........(#.##(...#
..#..........#.##(...#
..#...^......#.##(...#
.............#.......#
#...#..##.####.(.....#
#......##.#....(.....#
#.........#.....(....#
...#......'......@...#
##.#......#......c...#
...#......#..........#
#.........#..........#
#.###.....#..........#
#.[.......+..........#
)..#.....##..........#
##.#.....#...........#
.# ...+


You could see Nessos.

Vanquished Creatures
  A minotaur (Lab)
  Erolcha (D:9)
  A hydra (D:9)
  Erica (D:8)
  4 two-headed ogres
  An unseen horror (D:12)
  A deep elf mage (D:12)
  The ghost of antares the Ruffian, a novice DrTm of Elyvilon (D:6)
  A cyclops (D:13)
  2 ugly things
  A gargoyle (D:10)
  2 kobold demonologists
  The ghost of schets the Covert, a novice OpAs (D:4)
  2 dream sheep (D:9)
  4 hippogriffs
  A wraith (D:11)
  Sigmund (D:2)
  A centaur simulacrum (D:13)
  A wyvern (D:12)
  16 yaks
  A steam dragon (D:7)
  Menkaure (D:7)
  A water moccasin (D:12)
  4 orc warriors
  A black bear (D:9)
  4 ice beasts
  3 phantoms
  4 ogres
  4 sky beasts
  5 centaurs
  2 crocodiles
  4 big kobolds
  2 bullfrogs
  A scorpion (D:10)
  A water moccasin skeleton (D:5)
  11 killer bees (D:9)
  4 wights (D:10)
  6 howler monkeys
  4 crimson imps
  3 bullfrog zombies
  2 centaur zombies (D:12)
  7 hounds
  6 orc priests
  6 jellies
  3 orc wizards
  3 iguanas
  A bullfrog skeleton (D:10)
  5 worker ants
  A hound zombie (D:10)
  2 hound skeletons
  4 gnolls
  8 adders
  A shadow imp (D:8)
  An ooze (D:1)
  3 adder skeletons
  2 dart slugs (D:1)
  6 leopard geckos
  28 orcs
  2 giant cockroaches (D:3)
  7 goblins
  9 hobgoblins
  15 jackals
  A quokka (D:10)
  2 ball pythons
  5 bats
  A frilled lizard (D:2)
  19 kobolds
  A leopard gecko zombie (D:5)
  A quokka skeleton (D:8)
  7 rats
269 creatures vanquished.

Notes
Turn   | Place    | Note
-------+----------+-------------------------------------------
     0 | D:1      | tchalla the Hill Orc Fighter began the quest for the Orb.
     0 | D:1      | Reached XP level 1. HP: 19/19 MP: 1/1
    16 | D:1      | You fall through a shaft!
   176 | D:2      | Reached XP level 2. HP: 26/26 MP: 2/2
   244 | D:2      | Reached XP level 3. HP: 31/31 MP: 3/3
   247 | D:2      | Noticed Sigmund
   257 | D:2      | Killed Sigmund
   257 | D:2      | Reached XP level 4. HP: 32/39 MP: 4/4
   257 | D:2      | Reached XP level 5. HP: 37/45 MP: 5/5
   765 | D:1      | Reached XP level 6. HP: 51/51 MP: 6/6
  1057 | D:2      | Found a shattered altar of Ashenzari.
  2281 | D:4      | Got a shimmering dagger
  2324 | D:4      | Got a heavily runed ring mail
  2335 | D:4      | Identified the cursed +0 ring mail of Fun {rElec Str+2 Dex+2 SInv} (You found it on level 4 of the Dungeon)
  2512 | D:4      | Noticed schets's ghost (novice OpAs)
  2523 | D:4      | Killed schets's ghost
  2523 | D:4      | Reached skill level 10 in Axes
  2523 | D:4      | Reached XP level 7. HP: 51/57 MP: 7/7
  3026 | D:4      | Got a crude leather armour
  3111 | D:4      | Identified the +3 leather armour "Xykias" {*Slow rCorr Str+9 Dex+2} (You found it on level 4 of the Dungeon)
  3123 | D:4      | Identified the +6 dagger "Earthworm" {venom, rPois rF+ Stlth+} (You found it on level 4 of the Dungeon)
  3137 | D:5      | Entered Level 5 of the Dungeon
  3395 | D:5      | Reached skill level 1 in Short Blades
  3518 | D:5      | Reached skill level 1 in Stealth
  3525 | D:5      | Got a dull robe
  3526 | D:5      | Identified the +1 robe "Livivell" {rC+ rCorr Str+4} (You found it on level 5 of the Dungeon)
  3924 | D:6      | Noticed antares's ghost (novice DrTm)
  4176 | D:6      | Gained mutation: You have sharp toenails. [potion of mutation]
  4176 | D:6      | Gained mutation: You have a pair of small horns on your head. [potion of mutation]
  4221 | D:6      | Killed antares's ghost
  4221 | D:6      | Reached skill level 3 in Stealth
  4221 | D:6      | Reached XP level 8. HP: 35/64 MP: 8/8
  4758 | D:7      | Reached skill level 4 in Stealth
  5045 | D:7      | Reached skill level 5 in Short Blades
  5075 | D:7      | Reached XP level 9. HP: 60/70 MP: 9/9
  5084 | D:7      | Reached skill level 5 in Stealth
  5218 | D:7      | Noticed Menkaure
  5225 | D:7      | Killed Menkaure
  6106 | D:7      | Reached skill level 6 in Stealth
  6343 | D:7      | Lost mutation: You have a pair of small horns on your head. [potion of mutation]
  6343 | D:7      | Lost mutation: You have sharp toenails. [potion of mutation]
  6343 | D:7      | Gained mutation: You are partially covered in thin metallic scales. (AC +2) [potion of mutation]
  6343 | D:7      | Gained mutation: You are robust. (+10% HP) [potion of mutation]
  6343 | D:7      | Gained mutation: You are partially covered in iridescent scales. (AC +2) [potion of mutation]
  6343 | D:7      | Gained mutation: You are resistant to electric shocks. (rElec) [potion of mutation]
  6426 | D:8      | Noticed a two-headed ogre
  6436 | D:8      | Killed a two-headed ogre
  6500 | D:8      | Reached skill level 7 in Stealth
  6550 | D:8      | Reached XP level 10. HP: 83/84 MP: 10/10
  6899 | D:8      | Noticed Erica
  6906 | D:8      | Killed Erica
  6906 | D:8      | Reached skill level 8 in Stealth
  7037 | D:8      | Found a burning altar of Makhleb.
  7037 | D:8      | Noticed a cacodemon
  7456 | D:9      | Found a basalt altar of Yredelemnul.
  7456 | D:9      | Found a blossoming altar of Fedhas.
  7458 | D:9      | Noticed a skeletal warrior
  7498 | D:9      | Noticed a skeletal warrior
  7867 | D:9      | Reached skill level 9 in Stealth
  8082 | D:9      | Noticed a two-headed hydra
  8086 | D:9      | Killed a two-headed hydra
  8086 | D:9      | Reached skill level 10 in Short Blades
  8086 | D:9      | Reached XP level 11. HP: 90/90 MP: 11/11
  8191 | D:9      | Noticed a skeletal warrior
  8317 | D:9      | Noticed Erolcha
  8334 | D:9      | Killed Erolcha
  8334 | D:9      | Reached skill level 1 in Dodging
  8774 | D:10     | Entered Level 10 of the Dungeon
  8803 | D:10     | Found a staircase to the Orcish Mines.
  8821 | D:10     | Noticed a two-headed ogre
  8844 | D:10     | Killed a two-headed ogre
  8844 | D:10     | Reached skill level 5 in Fighting
  9398 | D:10     | Reached skill level 10 in Stealth
  9980 | D:11     | Found a labyrinth entrance.
  9984 | Lab      | Entered a labyrinth
 10537 | Lab      | Noticed a minotaur
 10549 | Lab      | Killed a minotaur
 10560 | Lab      | Got an encrusted quarterstaff
 10633 | D:11     | Reached XP level 12. HP: 110/110 MP: 12/12
 11049 | D:11     | You fall through a shaft for 2 floors!
 11134 | D:12     | Noticed a two-headed ogre
 11160 | D:12     | Killed a two-headed ogre
 11160 | D:12     | Reached skill level 5 in Dodging
 11404 | D:12     | Noticed a two-headed ogre
 11421 | D:12     | Killed a two-headed ogre
 11421 | D:12     | Reached skill level 11 in Stealth
 11696 | D:12     | Noticed Nessos
 11713 | D:12     | HP: 6/171 [Nessos (3)]
 11714 | D:12     | Slain by Nessos

Skill      XL: |  1  2  3  4  5  6  7  8  9 10 11 12 |
---------------+-------------------------------------+-----
Axes           | 3 4 7 8 10 | 10.6
Short Blades   | 3 5 8 10 | 10.2
Stealth        | 3 4 7 9 10 11 | 11.2
Fighting       | 7 9 |  9.3
Dodging        | 4 5 |  5.6
Armour         | |  3.2
Shields        | |  3.2

Action                   |  1- 3 |  4- 6 |  7- 9 | 10-12 || total
-------------------------+-------+-------+-------+-------++-------
Melee: War axe           |    41 |   174 |    86 |       ||   301
       Dagger            |       |       |   187 |   655 ||   842
       Headbutt          |       |       |    31 |       ||    31
       Kick              |       |       |    16 |       ||    16
       Scimitar          |       |       |       |     7 ||     7
Evoke: Wand              |       |       |       |     1 ||     1
  Use: Potion            |     1 |       |    12 |     5 ||    18
       Scroll            |       |       |    17 |     4 ||    21
 Stab: Sleeping          |       |       |    11 |    33 ||    44
       Distracted        |       |       |       |     5 ||     5
       Invisible         |       |       |       |     1 ||     1
  Eat: Chunk             |       |     4 |     4 |    12 ||    20
       Meat ration       |       |       |     2 |     1 ||     3
Armor: Scale mail        |    19 |    24 |       |       ||    43
       Chain mail        |       |    50 |       |       ||    50
       Ring mail         |       |     7 |     5 |       ||    12
       Leather armour    |       |       |    61 |   190 ||   251
Dodge: Dodged            |    14 |    55 |    53 |   254 ||   376
Block: Shield            |    25 |    83 |    65 |       ||   173
       Buckler           |       |       |    10 |    84 ||    94
